3R
SHERIDAN DEER @ ATHLETIC CLUB KC U-21
05/27/2038
 
TOP OF THE 1ST
Sheridan Deer batting - Pitching for Athletic Club KC U-21 : LHP Héctor Puga
Pitching: LHP Héctor Puga
Batting: RHB Ryan McCarty 0-0: Ball
1-0: Bunted foul
1-1: Ball
2-1: Foul Ball, location: 2F
2-2: Foul Ball, location: 2F
2-2: Foul Ball, location: 2F
2-2: Ball
3-2: Foul Ball, location: 2F
3-2: Ground out 1-3 (Groundball, 25, EV 81.9 MPH)
Batting: RHB Bert Allison 0-0: Swinging Strike
0-1: Ground out 6-3 (Groundball, 6M, EV 106.2 MPH)
Batting: LHB Hsui-chuan Tsou 0-0: Swinging Strike
0-1: Foul Ball, location: 2F
0-2: Ball
1-2: Foul Ball, location: 2F
1-2: Ball
2-2: Foul Ball, location: 2F
2-2: Strikes out swinging
Top of the 1st over - 0 runs, 0 hits, 0 errors, 0 left on base; Sheridan 0 - Athletic Club KC 0
BOTTOM OF THE 1ST
Athletic Club KC U-21 batting - Pitching for Sheridan Deer : RHP Dejenie Afiba
Pitching: RHP Dejenie Afiba
Batting: RHB Shigetoki Numata 0-0: Ball
1-0: DOUBLE (Line Drive, 89D, EV 100.0 MPH)
Batting: LHB Bruce Simpson 0-0: Called Strike
Shigetoki Numata is caught stealing 3rd base 2-5
0-1: Ball
1-1: Foul Ball, location: 2F
1-2: Foul Ball, location: 2F
1-2: Fly out, F7 (Flyball, 78S, EV 96.9 MPH)
Batting: SHB Gary Hopkins 0-0: Swinging Strike
0-1: Foul Ball, location: 2F
0-2: Foul Ball, location: 2F
0-2: Ball
1-2: Fly out, F9 (Line Drive, 9, EV 94.4 MPH)
Bottom of the 1st over - 0 runs, 1 hit, 0 errors, 0 left on base; Sheridan 0 - Athletic Club KC 0
TOP OF THE 2ND
Sheridan Deer batting - Pitching for Athletic Club KC U-21 : LHP Héctor Puga
Batting: RHB Haechan Mae 0-0: Swinging Strike
0-1: Swinging Strike
0-2: Foul Ball, location: 2F
0-2: Ball
1-2: Ball
2-2: Strikes out swinging
Batting: LHB Kelvin Schmidt 0-0: Foul Ball, location: 2F
0-1: DOUBLE (Line Drive, 9LM, EV 98.8 MPH)
Batting: RHB Shalom Gestel 0-0: Foul Ball, location: 2F
0-1: Ball
1-1: Foul Ball, location: 2F
1-2: Foul Ball, location: 2F
1-2: Ball
2-2: Foul Ball, location: 2F
2-2: SINGLE (Groundball, 56D, EV 101.2 MPH)
Kelvin Schmidt to third
Runner from 3rd tries for Home, throw by LF and OUT! 7-2
Batting: RHB Jack Schrijver 0-0: SINGLE (Line Drive, 34D, EV 105.6 MPH)
Shalom Gestel to second
Batting: SHB Leonardo Rodríguez 0-0: Ball
1-0: Ball
2-0: Foul Ball, location: 2F
2-1: Called Strike
2-2: Strikes out swinging
Top of the 2nd over - 0 runs, 3 hits, 0 errors, 2 left on base; Sheridan 0 - Athletic Club KC 0
BOTTOM OF THE 2ND
Athletic Club KC U-21 batting - Pitching for Sheridan Deer : RHP Dejenie Afiba
Batting: LHB Rafael Padilla 0-0: DOUBLE (Groundball, 3L, EV 105.6 MPH)
Batting: LHB Ted Reed 0-0: Called Strike
0-1: Swinging Strike
0-2: Ball
1-2: Strikes out swinging
Batting: RHB Mike Welch 0-0: Called Strike
0-1: Ball
1-1: Swinging Strike
1-2: Strikes out swinging
Batting: RHB Tim Hendricks 0-0: Ground out 4-3 (Groundball, 4, EV 80.6 MPH)
Bottom of the 2nd over - 0 runs, 1 hit, 0 errors, 1 left on base; Sheridan 0 - Athletic Club KC 0
TOP OF THE 3RD
Sheridan Deer batting - Pitching for Athletic Club KC U-21 : LHP Héctor Puga
Batting: RHB Kyle Michaud 0-0: Called Strike
0-1: Ground out 4-3 (Groundball, 4D, EV 108.1 MPH)
Batting: RHB Ryan McCarty 0-0: Ball
1-0: Called Strike
1-1: Foul Ball, location: 2F
1-2: Foul Ball, location: 2F
1-2: Ball
2-2: Fly out, F6 (Line Drive, 6, EV 66.2 MPH)
Batting: RHB Bert Allison 0-0: Foul Ball, location: 2F
0-1: Ball
1-1: Ball
2-1: Called Strike
2-2: Foul Ball, location: 2F
2-2: Ball
3-2: Fly out, F7 (Flyball, 7LM, EV 85.6 MPH)
Top of the 3rd over - 0 runs, 0 hits, 0 errors, 0 left on base; Sheridan 0 - Athletic Club KC 0
BOTTOM OF THE 3RD
Athletic Club KC U-21 batting - Pitching for Sheridan Deer : RHP Dejenie Afiba
Batting: RHB Heui-chung Tu 0-0: Ball
1-0: Called Strike
1-1: SINGLE (Line Drive, 78S, EV 95.6 MPH)
Batting: LHB Shura Engelgard 0-0: Ball
1-0: Foul Ball, location: 2F
1-1: Ball
2-1: SINGLE (Groundball, 4D, EV 98.1 MPH)
Heui-chung Tu to second
Batting: RHB Shigetoki Numata 0-0: Swinging Strike
0-1: Ball
1-1: Foul Ball, location: 2F
1-2: Ball
2-2: Ball
3-2: Foul Ball, location: 2F
3-2: Fielders Choice at 2nd, 6-4 (Groundball, 56, EV 101.2 MPH)
Heui-chung Tu to third
Batting: LHB Bruce Simpson 0-0: Ball
1-0: Swinging Strike
1-1: Foul Ball, location: 2F
1-2: Ball
2-2: Grounds into double play, 4-6-3 (Groundball, 4, EV 90.6 MPH)
Bottom of the 3rd over - 0 runs, 2 hits, 0 errors, 1 left on base; Sheridan 0 - Athletic Club KC 0
TOP OF THE 4TH
Sheridan Deer batting - Pitching for Athletic Club KC U-21 : LHP Héctor Puga
Batting: LHB Hsui-chuan Tsou 0-0: Ball
1-0: Called Strike
1-1: Ball
2-1: Foul Ball, location: 2F
2-2: Ball
3-2: Strikes out swinging
Batting: RHB Haechan Mae 0-0: Ball
1-0: Swinging Strike
1-1: Foul Ball, location: 2F
1-2: Ground out 6-3 (Groundball, 6, EV 91.9 MPH)
Batting: LHB Kelvin Schmidt 0-0: Ball
1-0: Called Strike
1-1: Called Strike
1-2: Ball
2-2: Strikes out looking
Top of the 4th over - 0 runs, 0 hits, 0 errors, 0 left on base; Sheridan 0 - Athletic Club KC 0
BOTTOM OF THE 4TH
Athletic Club KC U-21 batting - Pitching for Sheridan Deer : RHP Dejenie Afiba
Batting: SHB Gary Hopkins 0-0: Called Strike
0-1: Called Strike
0-2: Ball
1-2: Ball
2-2: Foul Ball, location: 2F
2-2: Ball
3-2: Fly out, F3 (Line Drive, 3, EV 68.1 MPH)
Batting: LHB Rafael Padilla 0-0: Called Strike
0-1: Swinging Strike
0-2: Strikes out looking
Batting: LHB Ted Reed 0-0: Ball
1-0: Foul Ball, location: 2F
1-1: Ball
2-1: Foul Ball, location: 2F
2-2: Strikes out swinging
Bottom of the 4th over - 0 runs, 0 hits, 0 errors, 0 left on base; Sheridan 0 - Athletic Club KC 0
TOP OF THE 5TH
Sheridan Deer batting - Pitching for Athletic Club KC U-21 : LHP Héctor Puga
Batting: RHB Shalom Gestel 0-0: Ground out 6-3 (Groundball, 6, EV 103.8 MPH)
Batting: RHB Jack Schrijver 0-0: Foul Ball, location: 2F
0-1: Ball
1-1: Swinging Strike
1-2: Strikes out swinging
Batting: SHB Leonardo Rodríguez 0-0: Called Strike
0-1: Bunted foul
0-2: Ground out 5-3 (Groundball, 56, EV 105.6 MPH)
Top of the 5th over - 0 runs, 0 hits, 0 errors, 0 left on base; Sheridan 0 - Athletic Club KC 0
BOTTOM OF THE 5TH
Athletic Club KC U-21 batting - Pitching for Sheridan Deer : RHP Dejenie Afiba
Batting: RHB Mike Welch 0-0: Ball
1-0: Ball
2-0: Ground out 5-3 (Groundball, 56S, EV 66.2 MPH)
Batting: RHB Tim Hendricks 0-0: Swinging Strike
0-1: Ball
1-1: Fly out, F7 (Flyball, 7S, EV 93.8 MPH)
Batting: RHB Heui-chung Tu 0-0: Ball
1-0: Called Strike
1-1: Called Strike
1-2: Strikes out swinging
Bottom of the 5th over - 0 runs, 0 hits, 0 errors, 0 left on base; Sheridan 0 - Athletic Club KC 0
TOP OF THE 6TH
Sheridan Deer batting - Pitching for Athletic Club KC U-21 : LHP Héctor Puga
Batting: RHB Kyle Michaud 0-0: Ball
1-0: Foul Ball, location: 2F
1-1: Ball
2-1: Foul Ball, location: 2F
2-2: Ball
3-2: Foul Ball, location: 2F
3-2: Foul Ball, location: 2F
3-2: Foul Ball, location: 2F
3-2: Strikes out looking
Batting: RHB Ryan McCarty 0-0: Ball
1-0: Ball
2-0: TRIPLE (Flyball, 89XD, EV 95.6 MPH)
Batting: RHB Bert Allison 0-0: Ball
1-0: Swinging Strike
1-1: Swinging Strike
1-2: Foul Ball, location: 2F
1-2: Foul Ball, location: 2F
1-2: Strikes out swinging
Batting: LHB Hsui-chuan Tsou 0-0: Ball
1-0: Called Strike
1-1: Swinging Strike
1-2: Foul Ball, location: 2F
1-2: Ball
2-2: Fly out, F9 (Flyball, 9S, EV 87.5 MPH)
Top of the 6th over - 0 runs, 1 hit, 0 errors, 1 left on base; Sheridan 0 - Athletic Club KC 0
BOTTOM OF THE 6TH
Athletic Club KC U-21 batting - Pitching for Sheridan Deer : RHP Dejenie Afiba
Pitching: RHP Adam Keast
Batting: LHB Shura Engelgard 0-0: Ball
1-0: Swinging Strike
1-1: Ball
2-1: Ball
3-1: Ground out 6-3 (Groundball, 6, EV 103.8 MPH)
Batting: RHB Shigetoki Numata 0-0: Bunt for hit to 3S - play at first, batter OUT! 3-4
Batting: LHB Bruce Simpson 0-0: Ground out 4-3 (Groundball, 4, EV 101.2 MPH)
Bottom of the 6th over - 0 runs, 0 hits, 0 errors, 0 left on base; Sheridan 0 - Athletic Club KC 0
TOP OF THE 7TH
Sheridan Deer batting - Pitching for Athletic Club KC U-21 : LHP Héctor Puga
Batting: RHB Haechan Mae 0-0: Swinging Strike
0-1: Called Strike
0-2: Strikes out swinging
Pitching: LHP Alex Adshead
Batting: LHB Kelvin Schmidt 0-0: Foul Ball, location: 2F
0-1: Swinging Strike
0-2: Strikes out swinging, 2-3 out at first.
Batting: RHB Shalom Gestel 0-0: Ball
1-0: Called Strike
1-1: SINGLE (Line Drive, 8LS, EV 95.6 MPH)
Batting: RHB Jack Schrijver 0-0: Foul Ball, location: 2F
0-1: Ball
1-1: Ball
2-1: Ball
3-1: Called Strike
3-2: Strikes out looking
Top of the 7th over - 0 runs, 1 hit, 0 errors, 1 left on base; Sheridan 0 - Athletic Club KC 0
BOTTOM OF THE 7TH
Athletic Club KC U-21 batting - Pitching for Sheridan Deer : RHP Adam Keast
Batting: SHB Gary Hopkins 0-0: Swinging Strike
0-1: Foul Ball, location: 2F
0-2: Foul Ball, location: 2F
0-2: Ball
1-2: Ball
2-2: Ball
3-2: Ground out U3 (Groundball, 3, EV 88.1 MPH)
Batting: LHB Rafael Padilla 0-0: Called Strike
0-1: Ball
1-1: Foul Ball, location: 2F
1-2: Foul Ball, location: 2F
1-2: Ball
2-2: Foul Ball, location: 2F
2-2: Ball
3-2: SOLO HOME RUN (Line Drive, 9D, EV 108.1 MPH), Distance : 381 ft
Batting: LHB Ted Reed 0-0: Ground out 3-1 (Groundball, 34S, EV 83.1 MPH)
Batting: RHB Mike Welch 0-0: Ball
1-0: Swinging Strike
1-1: Swinging Strike
1-2: Ball
2-2: Foul Ball, location: 2F
2-2: Ball
3-2: Fly out, F7 (Flyball, 78D, EV 106.2 MPH)
Bottom of the 7th over - 1 run, 1 hit, 0 errors, 0 left on base; Sheridan 0 - Athletic Club KC 1
TOP OF THE 8TH
Sheridan Deer batting - Pitching for Athletic Club KC U-21 : LHP Alex Adshead
Batting: SHB Leonardo Rodríguez 0-0: Foul Ball, location: 2F
0-1: Fly out, F8 (Flyball, 89M, EV 89.4 MPH)
Batting: RHB Kyle Michaud 0-0: Called Strike
0-1: Ground out 4-3 (Groundball, 34, EV 81.9 MPH)
Batting: RHB Ryan McCarty 0-0: Called Strike
0-1: Ball
1-1: Ground out 6-3 (Groundball, 56D, EV 83.8 MPH)
Top of the 8th over - 0 runs, 0 hits, 0 errors, 0 left on base; Sheridan 0 - Athletic Club KC 1
BOTTOM OF THE 8TH
Athletic Club KC U-21 batting - Pitching for Sheridan Deer : RHP Adam Keast
Batting: RHB Tim Hendricks 0-0: Called Strike
0-1: Ball
1-1: Called Strike
1-2: Strikes out looking
Batting: RHB Heui-chung Tu 0-0: Ball
1-0: Called Strike
1-1: Ground out 5-3 (Groundball, 5L, EV 96.9 MPH)
Batting: LHB Shura Engelgard 0-0: Ball
1-0: Ball
2-0: Fly out, F2 (Popup, 2R, EV 92.5 MPH)
Bottom of the 8th over - 0 runs, 0 hits, 0 errors, 0 left on base; Sheridan 0 - Athletic Club KC 1
TOP OF THE 9TH
Sheridan Deer batting - Pitching for Athletic Club KC U-21 : LHP Alex Adshead
Pitching: LHP Carlos Ortega
Batting: RHB Bert Allison 0-0: Ball
1-0: Foul Ball, location: 2F
1-1: Foul Ball, location: 2F
1-2: Foul Ball, location: 2F
1-2: Strikes out swinging
Batting: LHB Hsui-chuan Tsou 0-0: Foul Ball, location: 2F
0-1: Ground out 4-3 (Groundball, 4, EV 103.8 MPH)
Batting: RHB Haechan Mae 0-0: Swinging Strike
0-1: Ball
1-1: Foul Ball, location: 2F
1-2: Foul Ball, location: 2F
1-2: Strikes out swinging
Top of the 9th over - 0 runs, 0 hits, 0 errors, 0 left on base; Sheridan 0 - Athletic Club KC 1
Friday, April 17th, 2020 - OOTP Baseball 20.8 Build 74